 Dungeon Crawl Stone Soup version 0.22-a0-292-g0df9d5f (webtiles) character file.

173 grindst0ne the Sneak (level 5, 0/24 HPs)
             Began as a Spriggan Enchanter on Mar 24, 2018.
             Slain by a scorpion (2 damage)
             ... on level 4 of the Dungeon.
             The game lasted 00:07:09 (2740 turns).

grindst0ne the Sneak (Spriggan Enchanter)           Turns: 2740, Time: 00:07:10

Health: 0/24       AC:  3    Str:  4    XL:     5   Next: 28%
Magic:  1/10       EV: 20    Int: 17    God:
Gold:   158        SH:  0    Dex: 17    Spells: 3/9 levels left

rFire    . . .     SeeInvis +   l - +0 rapier
rCold    . . .     Gourm    .   (shield restricted)
rNeg     . . .     Faith    .   b - +1 robe
rPois    .         Spirit   .   (helmet restricted)
rElec    .         Reflect  .   (no cloak)
rCorr    .         Harm     .   (gloves unavailable)
MR       +....                  (boots unavailable)
Stlth    +++.......             m - amulet of regeneration
HPRegen  0.48/turn              i - ring of protection from magic
MPRegen  0.12/turn              (no ring)

@: lethally poisoned (0 -> -1), very quick
A: very small, unfitting armour, see invisible, herbivore, speed 3, slow
metabolism 2
a: no special abilities


You were on level 4 of the Dungeon.
You were hungry.

You visited 1 branch of the dungeon, and saw 4 of its levels.

You collected 158 gold pieces.

Inventory:

Hand Weapons
 a - a +1 dagger
 l - a +0 rapier (weapon)
Missiles
 o - 2 throwing nets (quivered)
Armour
 b - a +1 robe (worn)
Jewellery
 i - a ring of protection from magic (left hand)
 m - an amulet of regeneration (around neck)
 p - an uncursed ring of see invisible {unknown}
Scrolls
 e - 5 scrolls of identify
 g - 3 scrolls of enchant weapon
 j - a scroll of remove curse
 k - a scroll of noise {unknown}
 q - 2 scrolls of blinking {unknown}
 s - a scroll of immolation {unknown}
Potions
 c - a potion of lignification {unknown}
 f - a potion of magic {unknown}
 h - a potion of curing
 n - 2 potions of might {unknown}
 r - a potion of brilliance {unknown}
Comestibles
 d - 8 rations


   Skills:
 - Level 1.1 Short Blades
 + Level 5.2 Dodging
 + Level 6.5 Stealth
 - Level 2.6 Spellcasting
 + Level 5.1 Hexes


You had 3 spell levels left.
You knew the following spells:

 Your Spells              Type           Power        Failure   Level  Hunger
a - Corona                Hex            ###....      2%          1    #......
b - Ensorcelled Hibernat  Hex/Ice        ##....       10%         2    ##.....
c - Confuse               Hex            ###.....     7%          3    ###....


Dungeon Overview and Level Annotations

Branches:
Dungeon (4/15)
 Temple: D:4-7

Altars:


Innate Abilities, Weirdness & Mutations

You are very small and have problems with some larger weapons.
You are too small for most types of armour.
You have supernaturally acute eyesight. (SInv)
You are a herbivore.
You cover ground extremely quickly.
You need to consume almost no food.


Message History

You hit the scorpion but do no damage.
The scorpion is almost dead.
The scorpion stings you.
You are poisoned.
The scorpion poisons you!
You hit the scorpion but do no damage.
The scorpion is almost dead.
You feel sick. The scorpion barely misses you.
You hit the scorpion but do no damage.
The scorpion is almost dead.
You feel sick. The scorpion stings you! The scorpion closely misses you.
You barely miss the scorpion.
The scorpion is almost dead.
The scorpion stings you!
* * * LOW HITPOINT WARNING * * *
You barely miss the scorpion.
The scorpion is almost dead.
* * * LOW HITPOINT WARNING * * *
You feel sick. The scorpion stings you.
You die...

#........#####......#
#........# #......#
#........# #......#
#........#####......#
###........#..........#
#..........#.......####
#.#####..........#.......#
#........................#
#######........s@........#
#.<................###
#.....#####...........
#.....### #...........
#.......# #...........
#.......# #...........
#.......# #...........
#.†.....# #......##...
#.......# ####.### ...


You could see a scorpion.

Vanquished Creatures
  The ghost of Rein the Chopper, a weakling HOMo (D:3)
  3 gnolls (D:3)
  3 adders
  3 worms (D:2)
  2 dart slugs (D:3)
  2 leopard geckos
  An orc (D:4)
  A ball python (D:1)
  A giant cockroach (D:3)
  5 goblins
  5 hobgoblins
  4 jackals (D:3)
  A quokka (D:4)
  7 bats
  A frilled lizard (D:2)
  A jackal skeleton (D:4)
  12 kobolds
  7 rats
60 creatures vanquished.

Notes
Turn   | Place    | Note
-------+----------+-------------------------------------------
     0 | D:1      | grindst0ne the Spriggan Enchanter began the quest for the Orb.
     0 | D:1      | Reached XP level 1. HP: 9/9 MP: 5/5
   181 | D:1      | Reached XP level 2. HP: 9/13 MP: 4/6
   185 | D:1      | Learned a level 2 spell: Ensorcelled Hibernation
   492 | D:1      | Reached skill level 5 in Stealth
   808 | D:2      | Reached XP level 3. HP: 13/16 MP: 8/8
  1023 | D:2      | Learned a level 3 spell: Confuse
  1828 | D:3      | Reached XP level 4. HP: 14/21 MP: 6/9
  1992 | D:3      | Noticed Rein's ghost (weakling HOMo)
  2278 | D:3      | Killed Rein's ghost
  2278 | D:3      | Reached skill level 6 in Stealth
  2321 | D:3      | Reached skill level 5 in Dodging
  2321 | D:3      | Reached XP level 5. HP: 24/24 MP: 4/10
  2325 | D:3      | Reached skill level 5 in Hexes
  2740 | D:4      | Slain by a scorpion

Vault maps used:
D:1:      dpeg_arrival_leaves_temple_mockup, minmay_misc_feat_tower
D:4:      cheibriados_altar_1

Skill      XL: |  1  2  3  4  5 |
---------------+----------------+-----
Hexes          | 4 5 |  5.1
Stealth        | 5 6 |  6.5
Dodging        | 4 5 |  5.2
Short Blades   | |  1.1
Spellcasting   | |  2.6

Action                   |  1- 3 |  4- 6 || total
-------------------------+-------+-------++-------
Melee: Dagger            |   131 |       ||   131
       Rapier            |    19 |    55 ||    74
 Cast: Corona            |     7 |       ||     7
       Ensorcelled Hiber |    25 |     9 ||    34
       Confuse           |       |     6 ||     6
  Use: Potion            |     2 |       ||     2
       Scroll            |     4 |       ||     4
 Stab: Sleeping          |    20 |     8 ||    28
       Confused          |       |     5 ||     5
  Eat: Ration            |       |     1 ||     1
Armor: Robe              |    13 |     2 ||    15
Dodge: Dodged            |   153 |    40 ||   193

Table legend:
 A = Spawn XP
 B = Non-spawn XP
 C = Spawn XP percentage of total XP
 D = Spawn monster count
 E = Non-spawn monster count
 F = Spawn count percentage of total count
 G = Total turns spent on level
                    A         B        C        D         E        F      G
               +---------+---------+-------+---------+---------+-------+---------
         Total |       0 |     248 |   0.0 |       0 |      60 |   0.0 |  2740
               +---------+---------+-------+---------+---------+-------+---------
           D:1 |       0 |      24 |   0.0 |       0 |      16 |   0.0 |   652
           D:2 |       0 |      53 |   0.0 |       0 |      21 |   0.0 |   889
           D:3 |       0 |     165 |   0.0 |       0 |      20 |   0.0 |   951
           D:4 |       0 |       6 |   0.0 |       0 |       3 |   0.0 |   248
               +---------+---------+-------+---------+---------+-------+---------
